 Dungeon Crawl Stone Soup version 0.30-a0-778-g2ef04afb54 (console) character file.

Game seed: 7894121678016895415

11 rlgrobin the Shield-Bearer (level 2, -8/26 HPs)
             Began as a Meteoran Fighter on Feb 17, 2023.
             Mangled by an iguana (10 damage)
             ... on level 4 of the Dungeon.
             The game lasted 00:00:35 (127 turns).

rlgrobin the Shield-Bearer (Meteoran Fighter)        Turns: 127, Time: 00:00:35

Health: -8/26      AC:  6    Str: 17    XL:     2   Next: 58%
Magic:  3/3        EV:  9    Int:  9    God:
Gold:   10         SH:  0    Dex: 13    Spells: 1/1 levels left

rFire   . . .      SeeInvis .    a - +0 war axe
rCold   . . .      Faith    .    c - +0 buckler
rNeg    . . .      Spirit   .    b - +0 scale mail
rPois   .          Reflect  .    (no helmet)
rElec   .          Harm     .    (no cloak)
rCorr   .          Rampage  .    (no gloves)
Will    .....                    (no boots) Stlth
                                 (no amulet)
HPRegen 0.24/turn                (no ring)
MPRegen 0.08/turn                (no ring)

@: confused, mighty, glowing
A: sense surroundings 1, otherworldly, glowing, explore regen
a: no special abilities


You were on level 4 of the Dungeon.
You visited 1 branch of the dungeon, and saw 4 of its levels.

You collected 10 gold pieces.

Inventory:

Hand Weapons
 a - a +0 war axe (weapon)
Armour
 b - a +0 scale mail (worn)
 c - a +0 buckler (worn)
Scrolls
 e - a scroll of teleportation {unknown}


   Skills:
 - Level 3.2 Fighting
 + Level 3.5 Axes
 - Level 3.6 Armour
 - Level 3.6 Shields


You had one spell level left.
You didn't know any spells.
Your spell library was empty.

Dungeon Overview and Level Annotations

Branches:
Dungeon (4/15) Zot: 2267
 Temple: D:4-7

Altars:


Innate Abilities, Weirdness & Mutations

You passively map a small area around you.
You are easily found by Zot.
You glow in the dark.
You regain HP and MP as you explore.


Message History

The orc wizard casts a spell.
The orc wizard flickers and vanishes!
Deactivating autopickup; reactivate with Ctrl-A.
The orc closely misses you. x2
You slash the orc!
You kill the orc!
You hit something. You slash the orc!
You kill the orc!
The hound bites you. Something hits you.
You barely miss the hound. You miss something. You closely miss the kobold.
The hound bites you.
You hear some strange, mumbled words.
You are confused.
The kobold hits you but does no damage. The hound closely misses you.
You are too confused!
You are too confused!
You are too confused!
You are too confused!
You barely miss the ball python. You barely miss something.
You slash the kobold!
You kill the kobold!
You closely miss the hound. The hound bites you.
Something hits you but does no damage. The hound bites you but does no damage.
The ball python bites you but does no damage.
The ball python grabs you. The ball python constricts you.
You hear some strange, mumbled words.
You are more confused.
The iguana bites you but does no damage.
You barely miss something. You miss the iguana. You miss the hound.
You slash the ball python!
You kill the ball python!
The hound barely misses you. The hound closely misses you.
You hear some strange, mumbled words.
A puff of flame appears from out of thin air!
The puff of flame hits you. The iguana bites you!
* * * LOW HITPOINT WARNING * * *
You're too confused to move!
The hound barely misses you. Something hits you.
* * * LOW HITPOINT WARNING * * *
The iguana bites you!
You die...

, , ,, ....... , *
,,....... * * ,
.......* ....... .
, .....≈8 ,
..#######......§ ,
* *
.......#<.......
......)#†.§..... ,
......{@l≈≈..... ,
......)h........ ,
,
................,,
...!..........##
*, ######.......##
, #§......#
#8≈.....#
#§......# * * ,, ,


You could see an iguana and a hound.

Vanquished Creatures
  A worm (D:3)
  2 orcs (D:4)
  2 hobgoblins
  A ball python (D:4)
  A kobold (D:4)
7 creatures vanquished.

Notes
Turn   | Place    | Note
-------+----------+-------------------------------------------
     0 | D:1      | rlgrobin the Meteoran Fighter began the quest for the Orb.
     0 | D:1      | Reached XP level 1. HP: 19/19 MP: 2/2
    92 | D:3      | Reached XP level 2. HP: 26/26 MP: 3/3
   120 | D:4      | Noticed a hound
   127 | D:4      | Mangled by an iguana

Illustrated notes

Levels and vault maps discovered:
D:1:      dpeg_arrival_simpleton_c, layout_loops_ring
D:2:      layout_basic, serial_glass, glass_columns_b, glass_columns_a,
          glass_columns_a, glass_columns_b, uniq_jessica
D:3:      layout_loops_cross, old_standard_altar
D:4:      minmay_goblin_kobold_castle, layout_basic, fedhas_altar_decomposition,
          amethyst_overflow_temple_binary, minmay_temple_entry_overgrown,
          kennysheep_decorative_pillar, nicolae_grassy_gnolls

Skill      XL: |  1 |
---------------+----+-----
Axes           | 3 |  3.5
Fighting       | |  3.2
Armour         | |  3.6
Shields        | |  3.6

Action                     || total
---------------------------++-------
  Melee: War axe           ||    13
    Use: Potion            ||     1
 Armour: Scale mail        ||     8
  Dodge: Dodged            ||    10
  Block: Buckler           ||     4

Table legend: (Time is in decaauts)
 A = Elapsed time spent in this place.
 B = Non-inter-level travel time spent in this place.
 C = Inter-level travel time spent in this place.
 D = Time resting spent in this place.
 E = Time spent auto-exploring this place.
 F = Levels seen in this place.
 G = Mean time per level.
                   A        B        C        D        E       F      G
               +--------+--------+--------+--------+--------+-----+--------+
         Total |    131 |    131 |      0 |      0 |      0 |   4 |   32.8 |
       Dungeon |    131 |    131 |      0 |      0 |      0 |   4 |   32.8 |
               +--------+--------+--------+--------+--------+-----+--------+

Top non-repeatable levels by time:
     D:1: 44 daAuts
     D:2: 40 daAuts
     D:3: 36 daAuts
     D:4: 9 daAuts
